 Dungeon Crawl Stone Soup version 0.28.0-1-gb440e238dd (webtiles) character file.

Game seed: 5374134320959497412

764 RascalDebosk the Skirmisher (level 7, -13/62 HPs)
             Began as a White Draconian Berserker on Feb 21, 2022.
             Was a Believer of Trog.
             Engulfed by a steam dragon's steam (17 damage)
             ... on level 7 of the Dungeon.
             The game lasted 00:32:53 (4705 turns).

RascalDebosk the Skirmisher (DrBe)                  Turns: 4705, Time: 00:32:54

Health: -13/62     AC:  8    Str: 21    XL:     7   Next: 51%
Magic:  7/7        EV: 12    Int:  8    God:    Trog [**....]
Gold:   140        SH:  5    Dex: 10    Spells: 6/6 levels left

rFire   . . .      SeeInvis .   a - +0 hand axe
rCold   + . .      Faith    .   (no shield)
rNeg    . . .      Spirit   .   (armour unavailable)
rPois   .          Reflect  +   (helmet restricted)
rElec   .          Harm     .   l - +0 cloak
rCorr   .          Rampage  .   e - +0 pair of gloves
Will    +....                   (no boots)
Stlth   +.........              k - amulet of reflection
HPRegen 0.20/turn               h - ring of willpower
MPRegen 0.10/turn               i - ring of flight

@: on berserk cooldown, flying, slowed, very slow
A: breathe frost, AC +6, unfitting armour, cold resistance 1, cold-blooded
a: Breathe Frost, Renounce Religion, Berserk, Trog's Hand


You were on level 7 of the Dungeon.
You worshipped Trog.
Trog was pleased with you.
You visited 1 branch of the dungeon, and saw 6 of its levels.

You collected 140 gold pieces.

Inventory:

Hand Weapons
 a - a +0 hand axe (weapon)
Missiles
 b - 3 poisoned darts
 d - 5 javelins (quivered)
Armour
 e - a +0 pair of gloves (worn)
 l - a +0 cloak (worn)
Jewellery
 h - a ring of willpower (left hand)
 i - a ring of flight (right hand)
 k - an amulet of reflection (around neck)
Wands
 o - a wand of iceblast (13)
Scrolls
 j - 2 scrolls of teleportation
Potions
 c - a potion of heal wounds
 f - a potion of degeneration
 g - a potion of resistance {unknown}
 m - a potion of curing {unknown}
 n - a potion of ambrosia {unknown}


   Skills:
 * Level 5.7 Fighting
 * Level 5.1 Axes
 * Level 3.6 Throwing
 + Level 3.7 Dodging
 + Level 2.4 Evocations


You had 6 spell levels left.
You didn't know any spells.
Your spell library was empty.

Dungeon Overview and Level Annotations

Branches:
Dungeon (5/15)             Temple (0/1) D:4

Altars:
Xom


Innate Abilities, Weirdness & Mutations

You can breathe waves of freezing cold which knock back foes.
Your icy white scales are hard. (AC +6)
You cannot fit into any form of body armour.
Your flesh is cold resistant. (rC+)
You are cold-blooded and may be slowed by cold attacks.


Message History

You slash the water moccasin!
The water moccasin is almost dead.
You feel sick.
The water moccasin bites you but does no damage.
You slash the water moccasin!
You kill the water moccasin!
Trog accepts your kill.
You feel sick.
You feel sick.
You start resting.
You feel a strong urge to attack something.
You feel sick.
You start resting.
You feel sick.
You feel your anger nearly subside.
You are no longer berserk.
You are exhausted.
You feel yourself slow down.
You feel sick.
You start resting.
You feel sick. x4
You are no longer poisoned.
You start resting.
A steam dragon comes into view.
You strike the helpless steam dragon from behind!
You hit the steam dragon but do no damage.
The steam dragon bites you! The steam dragon claws you.
You hit the steam dragon.
Your tail-slap misses the steam dragon.
The steam dragon is lightly wounded.
The steam dragon bites you!
* * * LOW HITPOINT WARNING * * *
The steam dragon claws you but does no damage.
The steam dragon breathes steam at you. The ball of steam hits you!
* * * LOW HITPOINT WARNING * * *
You hear a shout!
Throw: 6 javelins
Press: ? - help, Q - select action, (/) - cycle Shift-Dir - straight line, f - steam dragon
Aim: a steam dragon (lightly wounded, catching its breath, 59% to hit)
You throw a javelin.
The javelin pierces through the steam dragon.
The steam dragon is moderately wounded.
You are engulfed in a cloud of scalding steam.
You die...

.. #. #.# .# ..
.# . ##.## .###
... .(......#
....###D##.#.#
....'...@..#.###.
...##...§<......
#.#..§#.###
#.#...#.#
#.#...#.#
#.#...#.#
#.#.#.#.#
#.###...#
#.......#


You could see a steam dragon (catching breath).

Vanquished Creatures
  A water moccasin (D:7)
  2 ogres (D:4)
  A phantom (D:4)
  A vampire bat (D:5)
  3 howler monkeys (D:7)
  A bullfrog skeleton (D:5)
  2 orc wizards (D:4)
  A hound skeleton (D:4)
  7 adders
  3 worms
  4 dart slugs
  3 fire bats (D:5)
  6 orcs
  2 spectral bats (D:5)
  3 bat skeletons (D:5)
  A bat zombie (D:5)
  7 endoplasms
  A giant cockroach (D:2)
  11 goblins
  5 hobgoblins
  4 jackals (D:3)
  A quokka (D:2)
  5 ball pythons
  11 bats
  A bat simulacrum (D:5)
  5 frilled lizards
  6 kobolds
  A rat (D:1)
99 creatures vanquished.

Vanquished Creatures (others)
  8 plants (D:1)
8 creatures vanquished.

Grand Total: 107 creatures vanquished

Notes
Turn   | Place    | Note
-------+----------+-------------------------------------------
     0 | D:1      | RascalDebosk the Draconian Berserker began the quest for
                  | the Orb.
     0 | D:1      | Reached XP level 1. HP: 19/19 MP: 1/1
   297 | D:1      | Reached XP level 2. HP: 22/26 MP: 2/2
  1501 | D:2      | Reached skill level 1 in Throwing
  1569 | D:2      | Reached XP level 3. HP: 30/33 MP: 3/3
  1767 | D:2      | Identified the +5 plate armour "Wabb" {*Slow rC++ Str+2
                  | Stlth+}
  1904 | D:2      | Reached ** piety under Trog
  1909 | D:2      | Found a shimmering altar of Xom.
  2270 | D:2      | Reached XP level 4. HP: 39/40 MP: 4/4
  2602 | D:3      | Reached skill level 1 in Evocations
  3385 | D:4      | Noticed a phantom
  3398 | D:4      | Killed a phantom
  3399 | D:4      | Reached XP level 5. HP: 47/47 MP: 5/5
  3615 | D:4      | Reached XP level 6. HP: 53/53 MP: 6/6
  3734 | D:4      | Found a staircase to the Ecumenical Temple.
  3939 | D:4      | Reached skill level 5 in Fighting
  4380 | D:5      | Entered Level 5 of the Dungeon
  4577 | D:5      | Your scales start taking on an icy white colour.
  4577 | D:5      | Reached XP level 7. HP: 61/61 MP: 7/7
  4577 | D:5      | Gained mutation: Your flesh is cold resistant. (rC+) [White
                  | Draconian growth]
  4595 | D:5      | You are sucked into a shaft and drop 2 floors!
  4646 | D:7      | Reached skill level 5 in Axes
  4702 | D:7      | Noticed a steam dragon
  4705 | D:7      | Engulfed by a steam dragon's steam

Illustrated notes

Levels and vault maps discovered:
D:1:      minmay_arrival_five_plusses, layout_loops_ring, chequers_big_river,
          minmay_misc_feat_rugged, chequers_jeans
D:2:      layout_basic, basic_altar, interstate_on_off, minmay_domino_4
D:3:      layout_rooms
D:4:      layout_loops_corners, minmay_temple_entry_junction
D:5:      layout_loops_ring, goddamned_bats
D:7:      layout_basic, mainiacjoe_overflow_brackets, item_on_display_a

Skill      XL: |  1  2  3  4  5  6  7 |
---------------+----------------------+-----
Throwing       | 1 2 3 |  3.6
Fighting       | 4 5 |  5.7
Dodging        | 3 |  3.7
Evocations     | 1 2 |  2.4
Axes           | 4 5 |  5.1

Action                   |  1- 3 |  4- 6 |  7- 9 || total
-------------------------+-------+-------+-------++-------
Melee: Hand axe          |    98 |   152 |    46 ||   296
       Tailslap          |     8 |    20 |     5 ||    33
       Punch             |     2 |     4 |       ||     6
Throw: Dart              |     1 |       |       ||     1
       Javelin           |       |     8 |     1 ||     9
Invok: Berserk           |       |     6 |     1 ||     7
  Use: Scroll            |       |     4 |       ||     4
 Stab: Sleeping          |     1 |     1 |       ||     2
       Distracted        |       |       |     1 ||     1
Armor: Skin              |    40 |    61 |    13 ||   114
Dodge: Dodged            |    54 |   102 |    16 ||   172
Block: Other             |       |    42 |     7 ||    49
